Kradschützen Motorcycle Team
Construct Light Support Kompanie
Selects Armored Support Battlegroup
Selects Superior Fire Drills
Selects Superior Fire Drills
Construct Mechanized Kompanie
Panzerjäger Mechanized Group
Selects Flammpanzer III Medium Tank
Construct Panzerarmee Kommand
Selects Command Panzer IV F Medium Tank
254 Reconnaissance Tractor
Selects Stuka Anti-tank Loiter
Walking Stuka Rocket Launcher
Marder III Tank Destroyer
Walking Stuka Rocket Launcher
Flak 36 Anti-tank Gun Team